[Event "Titled Tuesday Blitz June 14 Late 2022"]
[White "Maltsevskaya, Aleksandra"]
[Black "Sibilio, Mario"]
[WhiteFideId "24174041"]
[BlackFideId "800422"]
[WhiteElo "2243"]
[BlackElo "2296"]
[Result "1-0"]
[Round "08"]
[TimeControl "180+1"]
[Date "2022.06.15"]
[WhiteClock "0:00:02"]
[BlackClock "0:00:02"]

1. Nf3 d6 2. d3 c5 3. Nbd2 Nc6 4. g3 b5 5. Bg2 Bb7 6. O-O Qd7 7. e4 g6 8. a4 b4 9. e5 Nxe5 10. Nxe5 dxe5 11. Bxb7 Qxb7 12. Ne4 e6 13. Be3 Qc7 14. Qf3 Rd8 15. Bg5 Be7 16. Rfe1 f5 17. Bxe7 Kxe7 18. Nd2 Nf6 19. Rad1 Rd5 20. Nc4 Rhd8 21. Qe3 e4 22. Qh6 Kf7 23. h3 Kg8 24. Rc1 Qg7 25. Qg5 h6 26. Qe3 g5 27. dxe4 Nxe4 28. Qf3 Qg6 29. Rcd1 Qf6 30. Rxd5 exd5 31. Ne3 Nd2 32. Qd1 Ne4 33. Qf3 Nd2 34. Qe2 Ne4 35. Rd1 Qxb2 36. Nxd5 Kg7 37. Qc4 Nc3 38. Nxc3 1-0


[Site "https://www.chess.com"]

[Event "Titled Tuesday Blitz June 14 Late 2022"]
[White "Martin Carmona, Gaston Manuel"]
[Black "Gaisinsky, Adam"]
[WhiteFideId "22284567"]
[BlackFideId "2620561"]
[WhiteElo "2162"]
[BlackElo "1965"]
[Result "1-0"]
[Round "08"]
[TimeControl "180+1"]
[Date "2022.06.15"]
[WhiteClock "0:00:29"]
[BlackClock "0:00:05"]

1. d4 Nf6 2. c4 e6 3. Nf3 d5 4. g3 Be7 5. Bg2 O-O 6. O-O dxc4 7. Qc2 b5 8. a4 b4 9. Nfd2 Nd5 10. Nxc4 c5 11. dxc5 Ba6 12. Ne3 Nd7 13. c6 Rc8 14. Nxd5 exd5 15. Bf4 Nc5 16. Rd1 Bc4 17. Nd2 Bxe2 18. Nb3 Bxd1 19. Rxd1 Rxc6 20. Bxd5 Qc8 21. Bxc6 Qxc6 22. Rc1 Rc8 23. Be3 Qxa4 24. Nxc5 Qb5 25. Qf5 Rc7 26. Qe5 Qa5 27. Kg2 h6 28. Bd4 Bf6 29. Qe8+ Kh7 30. Bxf6 Rxc5 31. Qxf7 1-0


[Site "https://www.chess.com"]

[Event "Titled Tuesday Blitz June 14 Late 2022"]
[White "Martinez Reyes, Pedro Ramon"]
[Black "Ivanisevic, Ivan"]
[WhiteFideId "3901807"]
[BlackFideId "912417"]
[WhiteElo "2410"]
[BlackElo "2535"]
[Result "0-1"]
[Round "08"]
[TimeControl "180+1"]
[Date "2022.06.14"]
[WhiteClock "0:00:34"]
[BlackClock "0:01:00"]

1. e4 c5 2. Nf3 d6 3. Bb5+ Bd7 4. a4 Nc6 5. O-O Nf6 6. Re1 a6 7. Bf1 Bg4 8. h3 Bxf3 9. Qxf3 g5 10. d3 Rg8 11. Qd1 g4 12. h4 g3 13. fxg3 Rxg3 14. Bf4 Rg8 15. Nd2 Ng4 16. Nf3 e6 17. Qd2 Be7 18. Bg5 h6 19. Bxe7 Qxe7 20. c3 Nce5 21. Nxe5 dxe5 22. Be2 Qxh4 23. Bxg4 Rxg4 24. Qf2 Qxf2+ 25. Kxf2 O-O-O 26. Re3 c4 27. g3 Rxd3 28. Rxd3 cxd3 29. Kf3 f5 30. Rd1 h5 31. exf5 e4+ 32. Ke3 exf5 0-1


[Site "https://www.chess.com"]

[Event "Titled Tuesday Blitz June 14 Late 2022"]
[White "Mortazavi, Ali"]
[Black "Leiva, Gianmarco"]
[WhiteFideId "401323"]
[BlackFideId "3804399"]
[WhiteElo "2339"]
[BlackElo "2323"]
[Result "0-1"]
[Round "08"]
[TimeControl "180+1"]
[Date "2022.06.15"]
[WhiteClock "0:00:09"]
[BlackClock "0:00:08"]

1. Nf3 Nf6 2. g3 d5 3. Bg2 c6 4. O-O Bg4 5. d3 Nbd7 6. c4 dxc4 7. dxc4 e5 8. Nc3 Be7 9. h3 Be6 10. b3 O-O 11. Qc2 h6 12. Bb2 Qc7 13. Nh4 Rfe8 14. Rad1 Bf8 15. a3 a5 16. Nf5 Nc5 17. g4 Qb6 18. Na4 Qxb3 19. Qxb3 Nxb3 20. Nd6 Bxd6 21. Rxd6 Rad8 22. c5 Nd4 23. e3 Nb5 24. Rxd8 Rxd8 25. Bxe5 Nxa3 26. Nb6 Nc4 27. Bc7 Rd2 28. Ra1 Ne8 29. Nxc4 Bxc4 30. Bxa5 Rc2 31. Bb6 Ra2 32. Rd1 Kf8 33. Rd8 Ke7 34. Rb8 Ba6 35. h4 Nf6 36. Bf3 Nd7 37. Rg8 Nxb6 38. cxb6 Kf6 39. Ra8 Ra1+ 40. Kg2 Ra4 41. Kg3 Rb4 42. Bxc6 Rxb6 43. Bf3 g5 44. h5 Bb5 45. Be4 Bc6 46. Bf5 Bd5 47. Rd8 Be6 48. Be4 Rb4 49. f3 Rb3 50. Rh8 Kg7 51. Rb8 b5 52. Rb7 b4 53. Bf5 Bxf5 54. gxf5 Kf6 55. e4 Rb1 56. Rb6+ Kg7 57. f6+ Kh7 58. Rb7 b3 59. Rxf7+ Kg8 60. Rg7+ Kf8 61. Rb7 b2 62. Kg2 Ke8 63. e5 Re1 64. Rb8+ Kf7 65. Rxb2 Rxe5 66. Rb6 Re6 67. Rb7+ Kxf6 68. Kg3 Kf5 69. Rf7+ Ke5 70. Rg7 Kf5 71. Rf7+ Ke5 72. Kg4 Rd6 73. Rg7 Rd4+ 74. Kg3 Rh4 75. Re7+ Kf6 76. Ra7 Rxh5 77. Ra6+ Kg7 78. Ra7+ Kf6 79. Ra6+ Kf7 80. Ra7+ Ke6 81. Ra6+ Kd5 82. Rg6 Rh4 83. Rf6 Ke5 84. Rf8 Rh1 85. Re8+ Kf6 86. Rf8+ Kg7 87. Ra8 Rg1+ 88. Kf2 Rb1 89. Kg3 Rb7 90. Ra6 Rf7 91. Kg4 Rf4+ 92. Kg3 Rf7 93. Rb6 Rf6 94. Rb7+ Kg6 95. Rb5 Rf5 96. Rb6+ Rf6 97. Rb8 Ra6 98. Rg8+ Kh5 99. Rc8 Ra3 100. Rc4 Rd3 101. Rb4 Rc3 102. Rd4 Kg6 103. Rd6+ Kh5 104. Rd5 Rc1 105. Kg2 Rc4 106. Kg3 Rc6 107. Ra5 Kg6 108. Rb5 h5 109. Rb8 Kf5 110. Rf8+ Rf6 111. Rh8 h4+ 112. Kh3 Kf4 113. Rg8 Rf5 114. Kg2 Ke3 115. Re8+ Kd4 116. Re4+ Kd5 117. Kh3 Rxf3+ 118. Kg4 Kxe4 0-1


[Site "https://www.chess.com"]

[Event "Titled Tuesday Blitz June 14 Late 2022"]
[White "Nozdrachev, Leonid"]
[Black "Deac, Bogdan-Daniel"]
[WhiteFideId "24113433"]
[BlackFideId "1226380"]
[WhiteElo "2129"]
[BlackElo "2648"]
[Result "0-1"]
[Round "08"]
[TimeControl "180+1"]
[Date "2022.06.14"]
[WhiteClock "0:00:59"]
[BlackClock "0:02:28"]

1. e4 c5 2. c3 Nf6 3. e5 Nd5 4. d4 cxd4 5. Nf3 Nc6 6. Bc4 Nb6 7. Bb3 d5 8. exd6 Qxd6 9. O-O e6 10. cxd4 Be7 11. Nc3 O-O 12. Ne4 Qc7 13. Bg5 Rd8 14. Rc1 h6 15. Bh4 Bxh4 16. Nxh4 Qf4 17. Ng6 Qxe4 18. Rxc6 bxc6 19. Bc2 Qxd4 20. Ne7+ Kf8 0-1


[Site "https://www.chess.com"]

[Event "Titled Tuesday Blitz June 14 Late 2022"]
[White "Ozates, Tuna"]
[Black "Artemenko, Oleg"]
[WhiteFideId "6354521"]
[BlackFideId "14201798"]
[WhiteElo "1887"]
[BlackElo "2287"]
[Result "0-1"]
[Round "08"]
[TimeControl "180+1"]
[Date "2022.06.15"]
[WhiteClock "0:00:07"]
[BlackClock "0:00:12"]

1. e4 e6 2. d4 d5 3. Nd2 Nf6 4. e5 Nfd7 5. Bd3 c5 6. c3 Nc6 7. Ne2 Qb6 8. Nf3 cxd4 9. cxd4 f6 10. exf6 Nxf6 11. O-O Bd6 12. a3 O-O 13. b4 Bd7 14. Bg5 Ne4 15. Bh4 h6 16. Bg3 Nxg3 17. hxg3 Rf6 18. Qd2 Raf8 19. Bc2 Ne7 20. Rfe1 Bb5 21. Nc3 Bc4 22. Re3 a5 23. bxa5 Qxa5 24. Ne4 Qd8 25. Nxf6+ Rxf6 26. Rae1 Qc8 27. Ne5 Bxe5 28. Rxe5 Nc6 29. R5e3 b5 30. Bb1 Qd7 31. Rd1 g5 32. Rf3 Qf7 33. Rxf6 Qxf6 34. Qe3 Kg7 35. f4 Qe7 36. Re1 gxf4 37. gxf4 Qf6 38. Rd1 Kf7 39. Bc2 Ke7 40. Rd2 Kd6 41. Bd1 Qf5 42. Bc2 Qf6 43. Rd1 h5 44. Rd2 Kc7 45. Bd1 h4 46. Bg4 Kd7 47. Rd1 Qg6 48. Bh3 Nd8 49. f5 exf5 50. Qe5 Qd6 51. Qxf5+ Kc6 52. Re1 Kb6 53. Qc8 Bd3 54. Re8 Nc6 55. Re6 Qc7 56. Qe8 Be4 57. Bg4 Kb7 58. Rf6 Kb6 59. Bd7 Qg3 60. Rxc6+ Ka7 61. Ra6+ Kxa6 62. Qa8+ Kb6 63. Qb8+ Qxb8 0-1


[Site "https://www.chess.com"]

[Event "Titled Tuesday Blitz June 14 Late 2022"]
[White "Pace, Christopher"]
[Black "Mammadova, Gulnar"]
[WhiteFideId "2610167"]
[BlackFideId "13403508"]
[WhiteElo "2414"]
[BlackElo "2255"]
[Result "1/2-1/2"]
[Round "08"]
[TimeControl "180+1"]
[Date "2022.06.15"]
[WhiteClock "0:00:12"]
[BlackClock "0:00:30"]

1. e4 e6 2. d4 d5 3. Nc3 Bb4 4. e5 c5 5. a3 Bxc3+ 6. bxc3 Qa5 7. Bd2 Qa4 8. Qg4 Kf8 9. Kd1 Nc6 10. Nf3 Nge7 11. h4 Nf5 12. h5 h6 13. Qf4 b6 14. g4 Nfe7 15. g5 Ba6 16. g6 Nf5 17. Bh3 Nce7 18. gxf7 cxd4 19. Nxd4 Nxd4 20. cxd4 Rc8 21. Rc1 Bd3 22. Bxe6 Rxc2 23. Ke1 Qxa3 24. Rg1 Rxc1+ 25. Bxc1 Qa2 26. Qg4 Qa5+ 27. Kd1 Qa4+ 28. Ke1 Qb4+ 29. Kd1 Qb3+ 30. Ke1 Qc3+ 31. Bd2 Qa1+ 32. Qd1 Qxd1+ 33. Kxd1 Bf5 34. Bxf5 Nxf5 35. e6 Ke7 36. Rg6 a5 37. Bc1 b5 38. Bd2 b4 39. Bf4 Nxd4 40. Be5 Nxe6 41. Rxe6+ Kxf7 42. Ra6 Re8 43. f4 Re6 44. Rxa5 g6 45. hxg6+ Kxg6 46. Rxd5 Kf5 47. Rd6 Rxd6+ 48. Bxd6 h5 49. Be7 Kxf4 50. Kc2 Kg3 51. Kb3 h4 52. Bxh4+ Kxh4 53. Kxb4 1/2-1/2


[Site "https://www.chess.com"]

[Event "Titled Tuesday Blitz June 14 Late 2022"]
[White "Paravyan, David"]
[Black "Bilych, Olexiy"]
[WhiteFideId "4194985"]
[BlackFideId "14156504"]
[WhiteElo "2569"]
[BlackElo "2189"]
[Result "0-1"]
[Round "08"]
[TimeControl "180+1"]
[Date "2022.06.14"]
[WhiteClock "0:01:18"]
[BlackClock "0:01:27"]

1. e4 e5 2. Nf3 Nc6 3. Nc3 Nf6 4. d4 exd4 5. Nxd4 Bb4 6. Nxc6 bxc6 7. Bd3 d5 8. exd5 O-O 9. O-O cxd5 10. Bg5 c6 11. Qf3 Rb8 12. h3 Bd6 13. b3 h6 14. Bxf6 Qxf6 15. Qxf6 gxf6 16. Ne2 c5 17. Rad1 Be5 18. f4 Bc7 19. Nc3 Bb7 20. Nb5 Bb6 21. c4 Rbd8 22. Nc3 d4 23. Ne4 Bxe4 24. Bxe4 Rfe8 25. Rfe1 Ba5 26. Re2 f5 27. Bd3 Rxe2 28. Bxe2 Re8 29. Kf2 Kg7 30. Rd3 Kf6 31. Bf3 Be1+ 32. Kf1 Bg3 33. Be2 Bxf4 34. Rf3 Bc7 35. g3 Kg5 36. h4+ Kf6 37. Bd3 f4 38. gxf4 Ba5 39. Be2 Bd2 40. Kf2 Rg8 41. Rg3 Be1+ 0-1


[Site "https://www.chess.com"]

[Event "Titled Tuesday Blitz June 14 Late 2022"]
[White "Pinheiro, Iung Alicio de O."]
[Black "Moroni, Luca Jr"]
[WhiteFideId "2104350"]
[BlackFideId "865834"]
[WhiteElo "2283"]
[BlackElo "2573"]
[Result "0-1"]
[Round "08"]
[TimeControl "180+1"]
[Date "2022.06.14"]
[WhiteClock "0:00:15"]
[BlackClock "0:00:22"]

1. e4 e5 2. Bc4 f5 3. d3 Nf6 4. Nc3 c6 5. Bg5 b5 6. Bb3 b4 7. Nce2 d5 8. Nf3 Bd6 9. O-O h6 10. Bxf6 Qxf6 11. exd5 g5 12. d4 e4 13. Ne5 f4 14. dxc6 h5 15. c3 h4 16. f3 h3 17. g3 g4 18. Nxf4 gxf3 19. Qd2 Bxe5 20. dxe5 Qxe5 21. Rae1 Bf5 22. Bd5 Na6 23. Rxf3 O-O-O 24. c4 Rhg8 25. Rff1 Rg4 26. Kh1 Kb8 27. Qe3 Nc7 28. Rf2 Rg7 29. Nd3 Nxd5 30. cxd5 Qxd5 31. Nxb4 Qb5 32. a3 Rc7 33. Qf4 Bc8 34. Qe3 a5 35. Nc2 Rd3 36. Qxe4 Rxc6 37. Qf4+ Rc7 38. Ne3 Bb7+ 39. Kg1 Qc6 40. Qf8+ Ka7 41. Rf6 Qh1+ 42. Kf2 Rd2+ 43. Re2 Qxh2+ 44. Ke1 Qxe2# 0-1


[Site "https://www.chess.com"]

[Event "Titled Tuesday Blitz June 14 Late 2022"]
[White "Postnikov, Daniil"]
[Black "Aldokhin, Ivan"]
[WhiteFideId "4166329"]
[BlackFideId "24115720"]
[WhiteElo "2261"]
[BlackElo "2231"]
[Result "0-1"]
[Round "08"]
[TimeControl "180+1"]
[Date "2022.06.14"]
[WhiteClock "0:00:02"]
[BlackClock "0:00:04"]

1. e4 c5 2. Nf3 e6 3. g3 Nc6 4. Bg2 Nf6 5. Qe2 d6 6. O-O Be7 7. c3 O-O 8. d4 d5 9. e5 Nd7 10. Be3 b5 11. Rd1 b4 12. cxb4 cxd4 13. Nxd4 Ncxe5 14. f4 Nc4 15. Nc6 Qe8 16. Bd4 Bf6 17. Nc3 Bb7 18. Bxf6 Nxf6 19. Nd4 Qe7 20. a3 Rfc8 21. Rac1 h5 22. Nb3 h4 23. Nxd5 Bxd5 24. Bxd5 Nxd5 25. Rxd5 Qf6 26. Rd4 Nb6 27. Rcd1 Nd5 28. Na5 Qg6 29. Kg2 Rc2 30. R1d2 Rac8 31. Nb3 Rxd2 32. Qxd2 Rc2 33. Nc5 Rxd2+ 34. Rxd2 Nxf4+ 35. Kf3 Nd5 36. gxh4 Qf5+ 37. Ke2 Nf4+ 38. Ke1 Qe5+ 39. Kd1 Nd5 40. Nd3 Qe4 41. Nc5 Qe3 42. Rd3 Qg1+ 43. Kc2 Qxh2+ 44. Rd2 Qxh4 45. Kb3 g5 46. Nd7 g4 47. Ne5 g3 48. Nf3 Qe4 49. Nd4 Qe3+ 50. Kc2 Qe4+ 51. Kb3 e5 52. Nc6 g2 53. Ne7+ Nxe7 0-1


[Site "https://www.chess.com"]

[Event "Titled Tuesday Blitz June 14 Late 2022"]
[White "Reprintsev, Alexander"]
[Black "Lonoff, Marc"]
[WhiteFideId "14100541"]
[BlackFideId "2001349"]
[WhiteElo "2108"]
[BlackElo "2217"]
[Result "0-1"]
[Round "08"]
[TimeControl "180+1"]
[Date "2022.06.15"]
[WhiteClock "0:00:21"]
[BlackClock "0:00:12"]

1. e4 e6 2. Qe2 c5 3. b3 Nc6 4. Bb2 a6 5. Nf3 d6 6. d4 cxd4 7. Nxd4 Nxd4 8. Bxd4 Nf6 9. Nc3 Qc7 10. Qc4 Qxc4 11. Bxc4 Bd7 12. a4 Rc8 13. O-O-O Be7 14. f3 O-O 15. e5 dxe5 16. Bxe5 Bc6 17. Rd3 Rfd8 18. Rhd1 Rxd3 19. Rxd3 Rd8 20. Rxd8+ Bxd8 21. b4 Be7 22. b5 axb5 23. axb5 Bd7 24. Kb2 Kf8 25. Kb3 Ke8 26. Na4 Nd5 27. Bxg7 Ne3 28. g3 f6 29. Bh6 Nf5 30. Bd2 Nd4+ 31. Kc3 Nxf3 32. h4 f5 33. Be2 Bf6+ 34. Kd3 Bxb5+ 35. c4 Bxc4+ 36. Kxc4 Nxd2+ 37. Kb5 Bd4 38. Nc5 Bxc5 39. Kxc5 Ne4+ 40. Kb6 Nxg3 41. Bf3 e5 42. Kxb7 e4 43. Bd1 e3 44. Kc6 e2 45. Bxe2 Nxe2 46. Kd6 Kf7 47. Ke5 Kg6 48. h5+ Kg5 0-1


[Site "https://www.chess.com"]

[Event "Titled Tuesday Blitz June 14 Late 2022"]
[White "Riehle, Marco"]
[Black "Sarana, Alexey"]
[WhiteFideId "12904392"]
[BlackFideId "24133795"]
[WhiteElo "2462"]
[BlackElo "2666"]
[Result "0-1"]
[Round "08"]
[TimeControl "180+1"]
[Date "2022.06.14"]
[WhiteClock "0:02:19"]
[BlackClock "0:02:31"]

1. e4 c5 2. a3 g6 3. h4 h5 4. Bc4 Bg7 5. Nc3 e6 6. d3 Nc6 7. Bg5 Qc7 8. Qd2 a6 9. O-O-O b5 10. Ba2 b4 11. axb4 cxb4 12. Nce2 a5 13. Bc4 a4 14. d4 Na5 15. b3 axb3 16. cxb3 Nxb3+ 0-1


[Site "https://www.chess.com"]

[Event "Titled Tuesday Blitz June 14 Late 2022"]
[White "Roman, Rodrigo"]
[Black "Gurevich, Dmitry"]
[WhiteFideId "3701220"]
[BlackFideId "2000407"]
[WhiteElo "2001"]
[BlackElo "2506"]
[Result "1-0"]
[Round "08"]
[TimeControl "180+1"]
[Date "2022.06.15"]
[WhiteClock "0:00:40"]
[BlackClock "0:00:01"]

1. e4 c5 2. Nf3 d6 3. b3 Nf6 4. d3 g6 5. Bb2 Bg7 6. Nbd2 O-O 7. Be2 Nc6 8. O-O e5 9. Nc4 Nh5 10. Re1 b5 11. Ne3 Nf4 12. Bf1 Nd4 13. Nxd4 cxd4 14. Nd5 Nxd5 15. exd5 Bb7 16. c4 dxc3 17. Bxc3 Bxd5 18. d4 Rc8 19. dxe5 Rxc3 20. Qxd5 dxe5 21. Qxb5 Rc2 22. Rad1 Qb6 23. Qxb6 axb6 24. a4 f5 25. Bc4+ Kh8 26. f3 e4 27. fxe4 Bc3 28. Rf1 f4 29. Rf2 Rxf2 30. Kxf2 g5 31. Kf3 h5 32. h3 Be5 33. Rd5 Re8 34. b4 Kg7 35. Rd7+ Kf6 36. Rf7+ Kg6 37. Rb7 Rc8 38. Rxb6+ Kg7 39. Rb7+ Kf6 40. Bd3 Rc3 41. Ke2 Ra3 42. Rb6+ Kg7 43. Rb7+ Kf6 44. a5 Ra2+ 45. Kf3 Bd4 46. e5+ Kxe5 47. Rb5+ Kf6 48. Rf5+ Ke6 49. Rxg5 Rb2 50. b5 Rb3 51. Ke4 Bc3 52. Bc4+ Kf6 53. Rf5+ 1-0


[Site "https://www.chess.com"]

[Event "Titled Tuesday Blitz June 14 Late 2022"]
[White "Romanchuk, Viktor"]
[Black "Kubatko, Ivan"]
[WhiteFideId "14109271"]
[BlackFideId "24111473"]
[WhiteElo "2242"]
[BlackElo "2285"]
[Result "1/2-1/2"]
[Round "08"]
[TimeControl "180+1"]
[Date "2022.06.15"]
[WhiteClock "0:00:03"]
[BlackClock "0:00:05"]

1. d4 d5 2. c4 e6 3. Nc3 c5 4. cxd5 cxd4 5. Qa4+ Bd7 6. Qxd4 exd5 7. Qxd5 Nc6 8. Qd1 Nf6 9. Nf3 Bc5 10. e3 Qe7 11. Be2 O-O-O 12. O-O g5 13. Nd4 Kb8 14. b4 Bxb4 15. Nxc6+ Bxc6 16. Qb3 Rhe8 17. Rb1 Bd6 18. Nb5 Be5 19. Ba3 Qe6 20. Qxe6 fxe6 21. Rfc1 Be4 22. Rb4 Rc8 23. Rd1 Red8 24. Rxd8 Rxd8 25. f3 Bd3 26. Kf2 a6 27. Nd4 Bxe2 28. Kxe2 Bxd4 29. exd4 Nd5 30. Rb3 b5 31. Bc1 h6 32. h4 Rg8 33. hxg5 hxg5 34. g4 Kc7 35. Kd3 Kd6 36. Ke4 Rg7 37. Bd2 Kc6 38. Rb1 Kd6 39. Rc1 Rg8 40. Rh1 Rc8 41. Bxg5 Rc2 42. f4 Nc3+ 43. Kd3 Rxa2 44. Kxc3 Ra3+ 45. Kb4 Ra4+ 46. Kb3 Ra3+ 47. Kb4 Ra4+ 48. Kb3 Rxd4 49. f5 Rxg4 50. Bd2 exf5 51. Rh6+ Kc5 52. Rxa6 Rg3+ 53. Kc2 Kc4 54. Ra8 Rg2 55. Rc8+ Kd5 56. Rd8+ Ke4 57. Re8+ Kd5 58. Rd8+ Ke4 59. Rb8 f4 60. Rxb5 f3 61. Rb4+ Ke5 62. Rb5+ Ke4 63. Rb4+ Ke5 64. Rb8 f2 65. Re8+ Kd5 66. Rf8 Ke4 67. Re8+ Kf3 68. Rf8+ Ke2 69. Re8+ Kf1 70. Kd3 Kg1 71. Be3 Kh1 72. Rh8+ Rh2 73. Rxh2+ Kxh2 74. Bxf2 1/2-1/2


[Site "https://www.chess.com"]

[Event "Titled Tuesday Blitz June 14 Late 2022"]
[White "Rosen, Eric"]
[Black "Trakru, Rohun"]
[WhiteFideId "2032562"]
[BlackFideId "2097613"]
[WhiteElo "2362"]
[BlackElo "1746"]
[Result "1-0"]
[Round "08"]
[TimeControl "180+1"]
[Date "2022.06.14"]
[WhiteClock "0:00:12"]
[BlackClock "0:00:06"]

1. d4 d5 2. Bf4 c5 3. Nc3 Nf6 4. e4 dxe4 5. dxc5 Bd7 6. Nb5 Bxb5 7. Bxb5+ Nc6 8. c3 e6 9. b4 Nd5 10. Ne2 Qf6 11. Qc1 Be7 12. O-O O-O 13. Bg3 Ne5 14. Nd4 a6 15. Be2 Rfd8 16. a3 Rac8 17. Nb3 Nd3 18. Bxd3 exd3 19. c4 Nc3 20. Qe3 Ne2+ 21. Kh1 Qc3 22. Nd2 Bf6 23. Rad1 Qxa3 24. Ne4 Be7 25. Bd6 Bxd6 26. Nxd6 Rxd6 27. cxd6 Qxb4 28. d7 Rd8 29. Rxd3 Nc3 30. Rxc3 1-0


[Site "https://www.chess.com"]

[Event "Titled Tuesday Blitz June 14 Late 2022"]
[White "Sadhwani, Raunak"]
[Black "Livaic, Leon"]
[WhiteFideId "35093487"]
[BlackFideId "14531534"]
[WhiteElo "2616"]
[BlackElo "2540"]
[Result "1-0"]
[Round "08"]
[TimeControl "180+1"]
[Date "2022.06.14"]
[WhiteClock "0:00:08"]
[BlackClock "0:00:01"]

1. d4 Nf6 2. Nf3 b6 3. Bf4 Bb7 4. e3 g6 5. h3 Bg7 6. Bh2 O-O 7. Be2 d6 8. O-O Nbd7 9. c4 e6 10. Nc3 Ne4 11. Qc2 Nxc3 12. Qxc3 Qe7 13. Rfe1 a5 14. Qd2 e5 15. Qc2 Rae8 16. Kf1 h6 17. Rad1 Kh8 18. a3 f5 19. b4 axb4 20. axb4 g5 21. d5 h5 22. h4 g4 23. Ng5 Bh6 24. Ne6 Qxh4 25. Kg1 Rf7 26. Ra1 Rg8 27. g3 Qf6 28. Ra7 f4 29. Bd3 fxe3 30. fxe3 Rb8 31. Qe2 Nf8 32. Be4 b5 33. c5 Nxe6 34. Rxb7 Rxb7 35. dxe6 d5 36. Bxd5 c6 37. exf7 cxd5 38. Rf1 Qe7 39. Qd3 Qf8 40. Qxd5 Bxe3+ 41. Kg2 Re7 42. c6 Bd4 43. Bg1 Kg7 44. Bxd4 exd4 45. Qxd4+ Kg6 46. Qd6+ Kg7 47. Qf6+ Kh7 48. Qf5+ Kh6 49. Qf4+ Kh7 50. Rf2 Re6 51. Qf5+ Rg6 52. Qxh5+ Kg7 53. Qe5+ Kh7 54. Rf1 Rh6 55. Qf5+ Kg7 56. Qg5+ Kh7 57. Qf5+ Kg7 58. Qe5+ Kh7 59. Qe4+ Kg7 60. c7 Rg6 61. c8=Q Qxc8 62. f8=Q+ Qxf8 63. Rxf8 Kxf8 64. Qxg6 1-0


[Site "https://www.chess.com"]

[Event "Titled Tuesday Blitz June 14 Late 2022"]
[White "Sanal, Vahap"]
[Black "Peng, David Yu"]
[WhiteFideId "6300545"]
[BlackFideId "2605376"]
[WhiteElo "2574"]
[BlackElo "2166"]
[Result "0-1"]
[Round "08"]
[TimeControl "180+1"]
[Date "2022.06.14"]
[WhiteClock "0:00:01"]
[BlackClock "0:00:36"]

1. Nf3 d5 2. g3 c6 3. Bg2 Bg4 4. O-O Nd7 5. d3 e5 6. h3 Bxf3 7. Bxf3 Ngf6 8. Bg2 Be7 9. c4 d4 10. e3 dxe3 11. Bxe3 O-O 12. Nc3 Bc5 13. Bd2 Re8 14. Qc2 a6 15. Rae1 h6 16. Kh1 Rc8 17. Ne4 Nxe4 18. Bxe4 Nf6 19. Bg2 Qd7 20. b4 Bd4 21. g4 Rcd8 22. Bc1 Ba7 23. Rd1 Qc7 24. g5 hxg5 25. Bxg5 Re6 26. c5 Bb8 27. Be4 Rd4 28. Bxf6 Rxf6 29. Rg1 Rh6 30. Rg3 Qd7 31. Rdg1 Rxh3+ 32. Kg2 Rxg3+ 33. fxg3 f5 34. Qb3+ Kf8 35. Rh1 fxe4 36. Rh8+ Ke7 37. Qg8 Kf6 38. Qxb8 Rxd3 39. Rf8+ Kg6 40. Qxe5 Rd2+ 41. Rf2 Rxf2+ 42. Kxf2 Qf5+ 43. Qxf5+ Kxf5 44. Ke3 Ke5 45. g4 g5 46. a3 Kd5 47. a4 Ke5 48. a5 Kd5 49. Ke2 Kd4 0-1


[Site "https://www.chess.com"]

[Event "Titled Tuesday Blitz June 14 Late 2022"]
[White "Sargsyan, Anna M."]
[Black "Toncheva, Nadya"]
[WhiteFideId "13308130"]
[BlackFideId "2924056"]
[WhiteElo "2271"]
[BlackElo "1888"]
[Result "1-0"]
[Round "08"]
[TimeControl "180+1"]
[Date "2022.06.15"]
[WhiteClock "0:00:56"]
[BlackClock "0:00:05"]

1. d4 Nf6 2. c4 e6 3. Nf3 c5 4. d5 exd5 5. cxd5 d6 6. Nc3 g6 7. Nd2 Bg7 8. Nc4 O-O 9. Bf4 Na6 10. Bxd6 Re8 11. e3 Ne4 12. Nxe4 Rxe4 13. Bg3 b5 14. Nd6 Rb4 15. Qf3 Qe7 16. Nxc8 Rxc8 17. Be2 Bxb2 18. Rd1 Bc3+ 19. Kf1 c4 20. d6 Qd7 21. e4 Bg7 22. Qg4 Nc5 23. h4 c3 24. Qxd7 Nxd7 25. Bg4 f5 26. Bf3 c2 27. Rc1 Bh6 28. Ke2 Bxc1 29. Rxc1 Rd4 30. h5 fxe4 31. Bg4 Rd8 32. Be6+ Kf8 33. Rxc2 Nf6 34. Rc7 R4xd6 35. Rf7+ Kg8 36. Bxd6 Rxd6 37. Rxf6+ Kg7 38. Rf7+ Kh6 39. Re7 Kg5 40. hxg6 hxg6 41. Bb3 Rd4 42. Rxa7 Kf4 43. Rb7 b4 44. g3+ Ke5 45. Rb6 g5 46. g4 Rd8 47. Rxb4 Kf4 48. f3 Re8 49. Rxe4+ Rxe4+ 50. fxe4 Kxe4 51. Be6 Kd4 52. Bf5 Kc3 53. Ke3 Kb2 54. Ke4 Kxa2 55. Ke5 Kb3 56. Kf6 1-0


[Site "https://www.chess.com"]

[Event "Titled Tuesday Blitz June 14 Late 2022"]
[White "Shapiro, Daniel"]
[Black "Simonovic, Miroslav"]
[WhiteFideId "2001780"]
[BlackFideId "919152"]
[WhiteElo "2253"]
[BlackElo "2043"]
[Result "1/2-1/2"]
[Round "08"]
[TimeControl "180+1"]
[Date "2022.06.15"]
[WhiteClock "0:00:04"]
[BlackClock "0:00:16"]

1. d4 Nf6 2. c4 c5 3. d5 b5 4. cxb5 a6 5. e3 axb5 6. Bxb5 Qa5+ 7. Nc3 Bb7 8. Ne2 Nxd5 9. O-O Nxc3 10. Nxc3 g6 11. a4 Bg7 12. Bd2 Qc7 13. Re1 O-O 14. e4 Nc6 15. Rc1 Nd4 16. Bf1 Ba6 17. Nd5 Qd6 18. b4 Bxf1 19. bxc5 Qa6 20. Nc7 Qxa4 21. Nxa8 Qxd1 22. Rcxd1 Be2 23. Ra1 Nc2 24. Rxe2 Nxa1 25. Nb6 Rd8 26. Ba5 Nb3 27. Bb4 Bd4 28. Nd5 e6 29. Ne7+ Kg7 30. c6 dxc6 31. Nxc6 Rc8 32. Nxd4 Rc1+ 33. Re1 Rxe1+ 34. Bxe1 Nxd4 35. f3 e5 36. Kf2 f5 37. Ba5 Kf6 38. Bd8+ Ke6 39. g3 fxe4 40. fxe4 Nc6 41. Bc7 Kf6 42. Ke3 Kg5 43. h3 Kf6 44. Bd6 Ke6 45. Ba3 Nd4 46. Bc1 Nc2+ 47. Kd3 Nb4+ 48. Ke3 Nc6 49. Bb2 h5 50. Kf3 Kd6 51. Ke3 Na5 52. Kd3 Nc6 53. Ba3+ Ke6 54. Kc4 Nd8 55. Bb2 Nf7 56. Kd3 Ng5 57. h4 Nf7 58. Bc1 Nd6 59. Be3 Nb5 60. Kc4 Nc7 61. Kd3 Ne8 62. Kc4 Nf6 63. Kd3 Ng4 64. Bg5 Kd6 65. Bd8 Kc5 66. Bg5 Kb4 67. Bd8 Kb3 68. Bc7 Kb4 69. Bd6+ Kb5 70. Bc7 Kc6 71. Bd8 Kd6 72. Bg5 Ke6 73. Bd2 Nf2+ 74. Ke3 Ng4+ 75. Kd3 Nf6 76. Be3 Nd7 77. Bg5 Kd6 78. Be3 Nc5+ 79. Bxc5+ Kxc5 80. Kc3 Kb5 81. Kb3 Kc5 82. Kc3 Kb5 83. Kb3 Kc5 84. Kc3 1/2-1/2


[Site "https://www.chess.com"]

[Event "Titled Tuesday Blitz June 14 Late 2022"]
[White "Shimanov, Aleksandr"]
[Black "Dubov, Daniil"]
[WhiteFideId "4198603"]
[BlackFideId "24126055"]
[WhiteElo "2605"]
[BlackElo "2791"]
[Result "0-1"]
[Round "08"]
[TimeControl "180+1"]
[Date "2022.06.14"]
[WhiteClock "0:00:03"]
[BlackClock "0:00:04"]

1. e4 c5 2. Nf3 Nc6 3. Nc3 g6 4. d4 cxd4 5. Nxd4 Bg7 6. Nxc6 bxc6 7. Bc4 d6 8. O-O Nf6 9. Bg5 O-O 10. Qd2 Rb8 11. Bb3 Ba6 12. Rfe1 c5 13. Rab1 c4 14. Ba4 Qa5 15. b3 Rfc8 16. Nd5 Qxd2 17. Bxd2 Nxd5 18. exd5 cxb3 19. cxb3 Rc2 20. Be3 Rxa2 21. Bxa7 Rb7 22. Be3 Bd3 23. Rbc1 h5 24. h4 Bc2 25. Bg5 Bf8 26. Re3 f6 27. Bf4 Kf7 28. Rc3 Bf5 29. Be3 Bd7 30. Bxd7 Rxd7 31. b4 Rb2 32. Rc4 Rb7 33. g3 R2xb4 34. Rxb4 Rxb4 35. Kg2 Rb5 36. Rd1 Bg7 37. Kf3 f5 38. Rd3 Be5 39. Bg5 Bf6 40. Bf4 Rb2 41. Be3 Ra2 42. Bf4 Be5 43. Bg5 Bg7 44. Bf4 Bf6 45. Be3 Ra4 46. Bf4 Rd4 47. Rxd4 Bxd4 48. Ke2 e5 49. dxe6+ Kxe6 50. Kf3 Kd5 51. Ke2 Bc5 52. f3 Kc4 53. g4 fxg4 54. fxg4 hxg4 55. Kf1 Kd3 56. Kg2 Ke4 57. Kg3 Kf5 58. Bh6 d5 59. Bf4 Bf2+ 0-1


[Site "https://www.chess.com"]

[Event "Titled Tuesday Blitz June 14 Late 2022"]
[White "Svane, Rasmus"]
[Black "Fedoseev, Vladimir"]
[WhiteFideId "4657101"]
[BlackFideId "24130737"]
[WhiteElo "2674"]
[BlackElo "2726"]
[Result "1-0"]
[Round "08"]
[TimeControl "180+1"]
[Date "2022.06.14"]
[WhiteClock "0:01:12"]
[BlackClock "0:01:01"]

1. Nf3 d5 2. g3 Nd7 3. d4 Nb6 4. Nc3 Bf5 5. Nh4 Bg4 6. h3 Bh5 7. a4 a5 8. Ng2 e6 9. Nf4 Bg6 10. Bg2 Bb4 11. O-O Bxc3 12. bxc3 Nf6 13. Ba3 Nc4 14. Nxg6 hxg6 15. Qd3 c6 16. Rfb1 b6 17. h4 g5 18. hxg5 Ng4 19. Qxc4 Kd7 20. Qd3 Rb8 21. Qf3 f5 22. gxf6 Nxf6 23. c4 Qc7 24. Bc1 Rbf8 25. Bf4 Qa7 26. Qb3 Nh5 27. Be5 1-0


[Site "https://www.chess.com"]